Ada, lawful female human Valkyrie -- . | .---.-- -- ...|..h --. ...|..| |.. ..... .. -....- -..- --....| |...--.....| -......h.-- -.<..@...- ---...| ..| |..-- | ---- Ada the Fighter Experience level: 7 Strength: 18/03 Dexterity: 13 Constitution: 18 Intelligence: 9 Wisdom: 8 Charisma: 8 Health: 0(66) Energy: 17(17) Def: 7 Gold: 1003 Moves: 4852 Dungeon seed: VnR7nzRi8dwRwDW2 Game ID: Ada_1479147945 Your Inventory: Coins $ - 1003 gold pieces Amulets h - an uncursed amulet versus poison (being worn) o - a cursed amulet of strangulation named oval cursed Weapons a - the blessed rustproof +1 Excalibur (weapon in hand) b - a +0 dagger (in quiver) D - 29 +0 darts Armor e - an uncursed +3 small shield (being worn) n - an uncursed +2 helm of telepathy (being worn) Comestibles s - a cursed partly eaten food ration named food cursed J - 3 uncursed food rations Z - an uncursed tin of newt meat Scrolls c - an uncursed scroll of confuse monster d - an uncursed scroll of scare monster i - a cursed scroll of identify p - an uncursed scroll of create monster E - 2 uncursed scrolls of earth named earth M - an uncursed scroll of identify Potions l - a cursed potion of paralysis m - a cursed potion of sleeping r - a cursed potion of monster detection t - an uncursed potion of levitation u - a blessed potion of see invisible v - 2 uncursed potions of full healing F - 2 uncursed potions of healing H - a cursed potion of gain level O - an uncursed potion of object detection W - an uncursed potion of gain energy X - a blessed potion of paralysis Rings j - an uncursed ring of shock resistance B - a cursed ring of hunger U - an uncursed ring of conflict (on left hand) Wands g - a wand of striking (0:7) k - a wand of lightning (0:1) C - a wand of digging (0:5) Q - a wand of magic missile (0:7) Tools f - an uncursed wooden harp w - an uncursed skeleton key x - an uncursed tin opener I - 6 uncursed tallow candles (0:200) K - an uncursed brass lantern (0:513) R - an uncursed bag of holding S - a +0 pick-axe T - a cursed tallow candle (0:200) V - 6 uncursed wax candles (0:400) Spells and supernatural/magical abilities: Name Level Category Fail Memory W - pray for help -- divine ? -- Your skills at the end: Fighting Skills Weapon Skills dagger [Basic] long sword [Skilled] Spellcasting Skills Final Attributes: You were piously aligned. You were cold resistant. You were poison resistant. You were level-drain resistant. You were telepathic. You had automatic searching. You were stealthy. You aggravated monsters. You caused conflict. You were fast. You were lucky. You are dead. Vanquished creatures: a ghost a small mimic a quivering blob a giant spider 2 gnome kings a dog a dingo a human zombie a bugbear a wood nymph 3 Mordor orcs a rock mole a fog cloud a shrieker 7 gnome lords 5 gnomish wizards a straw golem 2 giant ants a little dog a floating eye 5 dwarves a homunculus 3 kobold lords a kobold shaman 3 hill orcs 4 rothes a rabid rat 2 monkeys 4 orc zombies 2 werejackals 3 iguanas 6 manes 2 large kobolds a hobgoblin 9 cave spiders a yellow mold a green mold a red mold 31 gnomes 2 gnome zombies 3 geckos 5 jackals 3 kobolds 3 sewer rats 7 grid bugs 2 lichens 8 newts 148 creatures vanquished. Voluntary challenges: You had been an atheist until turn 4286. You used a wielded weapon 163 times, starting on turn 105. You read items or engraved 52 times, starting on turn 2823. You never genocided any monsters. You never polymorphed an object. You never changed form. You used no wishes. You never split a pudding. You wrote Elbereth's name 50 times, starting on turn 2823. You violated your moral code, losing 13 points of alignment, starting on turn 3559. Dungeon overview: The Dungeons of Doom: levels 1 to 6 Level 1 a long staircase Level 2 Level 3 stairs to The Gnomish Mines Level 4 some sinks Level 5 many fountains Level 6 stairs to Sokoban The Gnomish Mines: levels 4 to 9 Level 4 stairs to The Dungeons of Doom Level 5 Level 6 some shops, a temple to Odin, some fountains Level 7 Level 8 Level 9 <- You were here Sokoban: Level 5 stairs to The Dungeons of Doom History has recorded: On T:1 you entered the Dungeons of Doom to retrieve the Amulet of Yendor! On T:404 you reached level 2 of The Dungeons of Doom. On T:639 you advanced to experience level 2. On T:894 you reached level 3 of The Dungeons of Doom. On T:1277 you reached level 4 of The Dungeons of Doom. On T:1355 you advanced to experience level 3. On T:1417 you advanced to experience level 4. On T:1994 you reached level 5 of The Dungeons of Doom. On T:2201 you reached level 6 of The Dungeons of Doom. On T:2602 you advanced to experience level 5. On T:2653 you reached level 4 of Sokoban. On T:2901 you advanced to experience level 6. On T:3273 you reached level 1 of The Gnomish Mines. On T:3663 you reached level 2 of The Gnomish Mines. On T:4069 you reached level 3 of The Gnomish Mines. On T:4105 you advanced to experience level 7. On T:4387 you reached level 4 of The Gnomish Mines. On T:4582 you reached level 5 of The Gnomish Mines. On T:4848 you reached level 6 of The Gnomish Mines. Score breakdown: Gold: 1003 (10210 points) Experience: 7 levels (13645 points) Exploration: 9 levels ( 18.00%) (12121 points) Discoveries: 10 items ( 4.07%) ( 6048 points) Valuables value: (no points given unless you survive) Artifact value: 4000 (12253 points) Variety of kills: 47 monsters ( 12.34%) (10536 points) Turncount: 4852 turns (-1310 points) Survival: died (score multiplied by 80%) Total score: 50802 Latest messages: The gnome hits! (2x) You can move again. You kill the gnome! The hobgoblin picks up 5 darts. You kill the hobgoblin! F - a yellow potion. $ - 23 gold pieces. You are now wearing a ring of conflict. There is nothing here to pick up. (6x) The dwarf king wields a dwarvish mattock! The dwarf king swings his dwarvish mattock. The dwarf king hits! You hit the dwarf king! You miss the dwarf king. The dwarf king swings his dwarvish mattock. The dwarf king hits! The dwarf king swings his dwarvish mattock. The dwarf king hits! You die... The bag of holding is empty. The bag of holding is empty. Final status: Farvel Ada the Valkyrie, killed by a dwarf king... You died in The Gnomish Mines on dungeon level 9 with 50802 points, and 1003 pieces of gold, after 4852 moves. You were level 7 with a maximum of 66 hit points when you died.